 Dungeon Crawl Stone Soup version 0.29-a0-284-gf9362112df (webtiles) character file.

Game seed: 11912749519075038946

154162 freelancePsychic the Scorcher (level 17, -3/103 (113) HPs)
             Began as a Tengu Fire Elementalist on Mar 15, 2022.
             Was a High Priest of Vehumet.
             Killed from afar by a deep elf annihilator (47 damage)
             ... with a bolt of lightning
             ... on level 3 of the Elven Halls.
             The game lasted 01:39:53 (38089 turns).

freelancePsychic the Scorcher (TeFE)               Turns: 38089, Time: 01:39:53

HP:   -3/103 (113)  AC: 17    Str:  8    XL:     17   Next: 62%
MP:   12/42         EV: 24    Int: 25    God:    Vehumet [*****.]
Gold: 75            SH:  0    Dex: 16    Spells: 0/38 levels left

rFire   + . .      SeeInvis .   U - staff of fire
rCold   + . .      Faith    .   (no shield)
rNeg    . . .      Spirit   .   O - +2 troll leather armour {Snorg}
rPois   +          Reflect  .   a - +2 hat {Will+}
rElec   .          Harm     .   J - +2 cloak {rPois}
rCorr   .          Rampage  .   v - +2 pair of gloves of Mysticism {Regen+}
Will    ++...                   (boots unavailable)
Stlth   ++++......              n - amulet of the acrobat
HPRegen 1.87/turn               i - ring of magical power
MPRegen 0.28/turn               I - ring of Amujoid {rC+ EV+4 Int+2}

@: flying quickly and evasively, studying Long Blades, drained, quick
A: beak, talons 3, nimble flight
a: Renounce Religion


You were on level 3 of the Elven Halls.
You worshipped Vehumet.
Vehumet was extremely pleased with you.
You visited 4 branches of the dungeon, and saw 25 of its levels.
You also visited: Ossuary, Bailey and Gauntlet.

You collected 1938 gold pieces.
You spent 1863 gold pieces at shops.

Inventory:

Hand Weapons
 b - a +1 dagger of holy wrath
 A - the +5 war axe "Wej Leysch" {speed, Contam +Blink rF++ Int+2}
   (You found it in a Gauntlet)

   Attacks with this weapon are significantly faster.
   Int:       It affects your intelligence (+2).
   rF:        It greatly protects you from fire.
   +Blink:    It lets you blink.
   Contam:    It causes magical contamination when unequipped.
 M - a +1 demon whip of venom
Missiles
 f - 6 throwing nets
Armour
 a - a +2 hat of willpower (worn)
 v - the +2 pair of gloves of Mysticism (worn) {Regen+}
   (You acquired it on level 10 of the Dungeon)

   Regen:     It increases your rate of health regeneration.
 J - a +2 cloak of poison resistance (worn)
 O - a +2 troll leather armour (worn) {Snorg}
 Y - a +0 kite shield
Magical Staves
 U - a staff of fire (weapon)
Jewellery
 i - a ring of magical power (left hand)
 n - an amulet of the acrobat (around neck)
 o - a ring of poison resistance
 t - a +6 ring of strength
 I - the ring of Amujoid (right hand) {rC+ EV+4 Int+2}
   (You bought it in a shop on level 9 of the Dungeon)

   [ring of evasion]

   EV:        It affects your evasion (+4).
   Int:       It affects your intelligence (+2).
   rC:        It protects you from cold.
 L - a ring of protection from cold
 S - a ring of protection from cold
 T - the ring "Taphyra" {rN+ Will+ rCorr Str-4 Dex+2}
   (You took it off a meliai on level 12 of the Dungeon)

   [ring of resist corrosion]

   Str:       It affects your strength (-4).
   Dex:       It affects your dexterity (+2).
   rN:        It protects you from negative energy.
   rCorr:     It protects you from acid and corrosion.
   Will:      It increases your willpower.
 V - the ring of Ceckeoh {Fly Will+ Int+4}
   (You found it in a Gauntlet)

   [ring of flight]

   Int:       It affects your intelligence (+4).
   Fly:       It grants you flight.
   Will:      It increases your willpower.
 X - an amulet of faith
 Z - a +4 ring of protection
Wands
 l - a wand of flame (14)
 p - a wand of paralysis (7)
 s - a wand of polymorph (13)
 C - a wand of mindburst (4)
 E - a wand of iceblast (24)
 H - a wand of charming (8)
 N - a wand of acid (6)
 R - a wand of digging (4)
Scrolls
 d - 3 scrolls of enchant weapon
 j - 8 scrolls of blinking
 k - 8 scrolls of teleportation {@r4}
 m - 5 scrolls of immolation
 q - 2 scrolls of silence
 x - a scroll of amnesia
 y - a scroll of magic mapping
 B - 3 scrolls of brand weapon
 K - a scroll of summoning
 Q - a scroll of fog
 W - 2 scrolls of fear
Potions
 c - 4 potions of mutation
 e - 4 potions of attraction
 g - 12 potions of curing {@q1}
 h - 5 potions of brilliance
 r - 5 potions of invisibility
 u - 6 potions of heal wounds {@q2}
 w - 4 potions of haste {@q3}
 z - 2 potions of might
 D - 2 potions of cancellation
 F - 2 potions of ambrosia
 G - 3 potions of lignification
 P - 2 potions of berserk rage


   Skills:
 - Level 15.0 Fighting
 - Level 11.0 Armour
 - Level 9.9 Dodging
 - Level 10.0 Stealth
 + Level 2.0 Shields
 - Level 11.0 Spellcasting
 + Level 14.3 Conjurations
 - Level 1.0 Hexes
 - Level 3.0 Transmutations
 + Level 17.3 Fire Magic
 - Level 4.4 Air Magic
 - Level 2.0 Poison Magic


You couldn't memorise any spells.
You knew the following spells:

 Your Spells              Type           Power      Damage    Failure   Level
a - Orb of Destruction    Conj           35%        9d10      4%          7
b - Ignition              Fire           50%        3d14      9%          8
c - Ignite Poison         Fire/Tmut/Pois 67%        N/A       1%          3
d - Sticky Flame          Conj/Fire      96%        2d11      1%          4
e - Starburst             Conj/Fire      48%        6d13      1%          6
f - Mephitic Cloud        Conj/Pois/Air  48%        N/A       1%          3
g - Scorch                Fire           100%       2d10      0%          2
h - Irradiate             Conj/Tmut      27%        3d22      1%          5

Your spell library contained the following spells:

 Spells                   Type           Power      Damage    Failure   Level
 Eringya's Noxious Bog    Tmut/Pois      13%        N/A       58%         6
 Foxfire                  Conj/Fire      100%       2x1d9     0%          1
 Magic Dart               Conj           100%       1d8       0%          1
 Sandblast                Erth           26%        2d8       1%          1
 Shock                    Conj/Air       100%       1d9       1%          1
 Conjure Flame            Conj/Fire      96%        6-21      1%          3
 Dazzling Flash           Conj/Hex       100%       N/A       1%          3
 Inner Flame              Hex/Fire       74%        N/A       1%          3
 Stone Arrow              Conj/Erth      98%        3d13      1%          3
 Flame Wave               Conj/Fire      96%        2d16      1%          4
 Hailstorm                Conj/Ice       49%        3d11      1%          4
 Iskenderun's Mystic Bla  Conj/Tloc      49%        2d11      1%          4
 Fireball                 Conj/Fire      48%        3d19      1%          5
 Iskenderun's Battlesphe  Conj           71%        2d12      1%          5
 Wereblood                Tmut           28%        N/A       2%          2
 Swiftness                Air            35%        N/A       2%          3
 Airstrike                Air            17%        N/A       2%          4
 Passwall                 Tmut/Erth      17%        N/A       4%          2
 Frozen Ramparts          Ice            26%        1d4       4%          3
 Conjure Ball Lightning   Conj/Air       28%        3x3d8     5%          6
 Pain                     Necr           52%        1d6       6%          1
 Summon Small Mammal      Summ           52%        N/A       6%          1
 Spider Form              Tmut/Pois      26%        N/A       6%          3
 Ensorcelled Hibernation  Hex/Ice        32%        N/A       7%          2
 Blink                    Tloc           26%        N/A       9%          2
 Call Imp                 Summ           13%        N/A       9%          2
 Sublimation of Blood     Necr           13%        N/A       9%          2
 Tukima's Dance           Hex            19%        N/A       12%         3
 Iron Shot                Conj/Erth      24%        9d5       13%         6
 Call Canine Familiar     Summ           13%        N/A       17%         3
 Lesser Beckoning         Tloc           13%        N/A       17%         3
 Yara's Violent Unravell  Hex/Tmut       11%        3d6       17%         5
 Ice Form                 Ice/Tmut       21%        N/A       30%         4
 Anguish                  Hex/Necr       8%         N/A       43%         4
 Animate Armour           Summ/Erth      26%        N/A       50%         4
 Passage of Golubria      Tloc           13%        N/A       50%         4
 Summon Ice Beast         Ice/Summ       13%        N/A       50%         4
 Summon Mana Viper        Hex/Summ       16%        N/A       78%         5
 Agony                    Necr           13%        N/A       85%         5
 Excruciating Wounds      Necr           6%         N/A       85%         5
 Manifold Assault         Tloc           13%        N/A       85%         5
 Summon Forest            Summ/Tloc      6%         N/A       85%         5
 Lehudib's Crystal Spear  Conj/Erth      24%        10d7      99%         8
 Simulacrum               Ice/Necr       6%         N/A       100%        6
 Summon Cactus Giant      Summ           6%         N/A       100%        6
 Malign Gateway           Summ/Tloc      6%         N/A       100%        7
 Monstrous Menagerie      Summ           6%         N/A       100%        7
 Storm Form               Tmut/Air       16%        N/A       100%        7
 Summon Hydra             Summ           6%         N/A       100%        7
 Borgnjor's Revivificati  Necr           6%         N/A       100%        8
 Necromutation            Tmut/Necr      10%        N/A       100%        8
 Summon Horrible Things   Summ           6%         N/A       100%        8
 Death's Door             Necr           6%         N/A       100%        9


Dungeon Overview and Level Annotations

Branches:
Dungeon (14/15)            Temple (0/1) D:6            Lair (6/6) D:8
 Shoals (0/4) Lair:4       Spider (0/4) Lair:2        Slime (0/5) Lair:5
    Orc (2/2) D:12            Elf (3/3) Orc:2        Vaults (0/5) D:14
Ossuary (visited)          Bailey (visited)         Gauntlet (visited)

Altars:
Dithmenos
Okawaru
Qazlal
Trog
Vehumet
Wu Jian
Zin
The Shining One
Beogh
Jiyva

Shops:
D:9 *   D:10 :   Orc:1 (   Orc:2 ::[*   Elf:1 =(!!

Annotations:
D:7 Dowan, Duvessa
D:10 exclusion: downstairs
D:11 Erolcha
D:14 Roxanne
Lair:3 exclusion: downstairs
Lair:4 Rupert
Lair:6 2 transporters, horus123's ghost, journeyman DgCj
Elf:1 3 runed translucent doors, Eciono's ghost, adept GnDe
Elf:2 5 runed translucent doors


Innate Abilities, Weirdness & Mutations

You have a beak for a mouth.
You have claws for feet.
Your magical nature lets you fly swiftly and evasively.


Message History

The ghostly deep elf death mage is heavily damaged.
The bolt of fire hits the deep elf high priest!!!
You kill the deep elf high priest!
Vehumet accepts your kill.
You feel your power returning.
You hear a shout! x2
The ghostly deep elf death mage closely misses you.
Your Shields skill increases to level 2!
Casting: Starburst (mildly dangerous; 1% risk of failure)
Confirm with . or Enter, or press ? or * to list all spells.
Casting: Starburst (mildly dangerous; 1% risk of failure)
Press: ? - help, Dir - look around, f - activate You feel a surge of power!
The bolt of fire hits the ghostly deep elf death mage!!
The ghostly deep elf death mage is almost destroyed.
A deep elf death mage comes into view. It is wielding a +2 dagger of venom.
The ghostly deep elf death mage points at you and mumbles some strange words.
The bolt of negative energy hits you!!!
You feel drained.
* * * LOW HITPOINT WARNING * * *
A deep elf annihilator comes into view. It is wielding a +0 short sword.
Casting: Starburst (mildly dangerous; 1% risk of failure)
Confirm with . or Enter, or press ? or * to list all spells.
Casting: Starburst (mildly dangerous; 1% risk of failure)
Press: ? - help, Dir - look around, f - activate You feel a surge of power!
The bolt of fire misses the ghostly deep elf death mage.
You hear a shout!
The ghostly deep elf death mage misses you.
The ghostly deep elf death mage beckons forth a restless soul!
Things that are here:
a +0 leather armour; a +0 long sword; an elf skeleton
Things that are here:
a +0 long sword; a +0 rapier; an elf skeleton
Things that are here:
a +0 ring mail; a +0 dagger
There is a stone staircase leading up here.
The deep elf annihilator casts a spell at you.
The bolt of lightning hits the lost soul!
The lost soul resists.
The bolt of lightning hits you!!!
You die...

# ##.## ##...## ##.###...## ##
##..# ##+## #.## ##...#
.###.#)# #.# #.# #...#
#.#.##.# ####.#######.##
##...# ##.###.#
#.............###...##
#####.####.......#####......##
#.........###...# ##....##
#.##.##..## ##..#### #..###
#.##.....# #@....# #..#
.#####..# ##[[##......# .#
#...###.e.# ###.## .#
#.#......*######.#
..####.#.........# ###
#.###.####### ## ##)#### # #e#
# #)#


You could see a deep elf annihilator, a ghostly deep elf death mage and a lost
soul (summoned).

Vanquished Creatures
  Asterion (Elf:3)
  A deep elf blademaster (Elf:3)
  A deep elf master archer (Elf:3)
  Gastronok (Lair:2)
  4 deep elf sorcerers (Elf:3)
  An orc warlord (Orc:2)
  A deep elf elementalist (Elf:3)
  4 deep elf demonologists
  3 deep elf annihilators (Elf:3)
  A minotaur (Gauntlet)
  A deep elf death mage (Elf:2)
  Snorg (Lair:3)
  3 deep elf high priests (Elf:3)
  A great orb of eyes (D:12)
  5 vault guards (D:14)
  4 hydras
  2 centaur warriors (D:14)
  Erica (D:10)
  4 ogre magi (Orc:2)
  9 boulder beetles
  11 two-headed ogres
  A merfolk avatar (Lair:6)
  10 dancing weapons
  7 death yaks
  A tengu warrior (D:14)
  An orc high priest (Elf:1)
  Amaemon (Lair:2)
  12 deep elf knights
  A sea snake (Lair:6)
  2 skeletal warriors (D:14)
  A harpy (Lair:6)
  3 wizards
  9 deep elf archers
  A wolf spider zombie (D:14)
  18 deep elf pyromancers
  An orc knight (Orc:2)
  22 deep elf zephyrmancers
  4 orc sorcerers
  2 ugly things
  2 wolf spiders
  12 elephants
  Maurice (Orc:2)
  A worldbinder (Gauntlet)
  3 cyclopes
  2 manticores
  A moth of wrath (Gauntlet)
  2 torpor snails
  4 black mambas
  9 cane toads
  3 gargoyles
  A minotaur zombie (Gauntlet)
  An orange demon (Lair:2)
  6 rime drakes
  3 kobold demonologists
  Psyche (D:9)
  A freezing wraith (D:14)
  7 komodo dragons
  A komodo dragon (shapeshifter) (D:14)
  8 polar bears
  3 burning bushes (Lair:3)
  3 meliai (D:12)
  4 hornets
  10 trolls
  2 wind drakes (Lair:6)
  24 blink frogs
  A slime creature (D:12)
  8 dream sheep
  A snapping turtle (Lair:6)
  2 shadows (D:11)
  5 culicivoras (Lair:2)
  3 water elementals
  An air elemental (Elf:3)
  34 yaks
  3 wraiths
  7 wyverns
  6 humans
  4 steam dragons
  A yak (shapeshifter) (D:14)
  5 basilisks
  2 redbacks (Gauntlet)
  2 wargs
  Menkaure (D:6)
  3 acid dragons
  13 water moccasins
  34 orc warriors
  4 ice beasts
  2 sky beasts
  3 black bears
  29 ogres
  A hornet zombie (Ossuary)
  3 boggarts (Gauntlet)
  8 centaurs
  9 wolves
  A phantom (D:7)
  4 kobold brigands
  5 bullfrogs
  2 earth elementals
  2 wyvern zombies (Ossuary)
  3 necrophages
  A gnoll sergeant (D:7)
  3 scorpions
  4 water moccasin zombies (Ossuary)
  13 wights
  5 killer bees (D:11)
  5 howler monkeys
  2 crimson imps (Gauntlet)
  14 centaur zombies
  4 jellies
  5 bullfrog zombies (Ossuary)
  7 hounds
  25 orc priests
  3 gnoll shamans
  Jessica (D:3)
  Ijyb (D:3)
  6 iguanas
  25 orc wizards
  A killer bee zombie (Ossuary)
  21 mummies
  2 howler monkey zombies (Ossuary)
  4 adders
  23 gnolls
  A shadow imp (D:3)
  3 ufetubi
  4 worms
  3 dart slugs
  84 orcs
  6 bats
  9 endoplasms
  3 giant cockroaches
  14 goblins
  11 hobgoblins
  5 jackals
  21 kobolds
  A quokka (D:3)
  6 ball pythons
  12 frilled lizards
  5 rats
  A bush (Lair:3)
  A butterfly (D:6)
849 creatures vanquished.

Vanquished Creatures (collateral kills)
  An orc knight (Bailey)
  An orc warrior (Bailey)
  A foxfire (Lair:6)
3 creatures vanquished.

Vanquished Creatures (others)
  An orc (Orc:2)
  A demonic plant (Gauntlet)
  416 foxfires
  34 fungi
  78 plants
  9 withered plants
539 creatures vanquished.

Grand Total: 1391 creatures vanquished

Notes
Turn   | Place    | Note
-------+----------+-------------------------------------------
     0 | D:1      | freelancePsychic the Tengu Fire Elementalist began the
                  | quest for the Orb.
     0 | D:1      | Reached XP level 1. HP: 10/10 MP: 4/4
   293 | D:1      | Reached XP level 2. HP: 16/16 MP: 1/6
   296 | D:1      | Learned a level 2 spell: Scorch
   597 | D:1      | Reached XP level 3. HP: 20/20 MP: 2/7
   670 | D:1      | Reached skill level 1 in Fighting
  1167 | D:1      | Found a faded altar of an unknown god.
  1583 | D:2      | Reached skill level 4 in Fire Magic
  2447 | D:3      | Noticed an ice beast
  2451 | D:3      | Reached XP level 4. HP: 25/25 MP: 4/8
  2508 | D:2      | Killed an ice beast
  2509 | D:2      | Gained mutation: Your magical nature lets you fly swiftly
                  | and evasively. [Tengu growth]
  2509 | D:2      | Reached XP level 5. HP: 30/30 MP: 4/10
  2728 | D:3      | Noticed Jessica
  2730 | D:3      | Killed Jessica
  2773 | D:3      | Reached skill level 5 in Fire Magic
  2773 | D:3      | Reached XP level 6. HP: 36/36 MP: 4/11
  2889 | D:3      | Learned a level 3 spell: Inner Flame
  3192 | D:3      | Found an ornate altar of the Wu Jian Council.
  3199 | D:3      | Found a glowing silver altar of Zin.
  3242 | D:3      | Noticed Ijyb
  3247 | D:3      | Killed Ijyb
  3564 | D:3      | Found a radiant altar of Vehumet.
  3574 | D:3      | Became a worshipper of Vehumet
  4352 | D:4      | Reached XP level 7. HP: 40/40 MP: 4/13
  4483 | D:4      | Found an iron altar of Okawaru.
  5282 | D:4      | Reached * piety under Vehumet
  5282 | D:4      | Offered knowledge of Magic Dart by Vehumet.
  5283 | D:4      | Reached skill level 1 in Hexes
  5470 | D:4      | Identified the +6 falchion of the Inferno {vamp, Dex+4}
  5669 | D:4      | Learned a level 4 spell: Sticky Flame
  5690 | D:5      | Entered Level 5 of the Dungeon
  6022 | D:5      | Reached skill level 6 in Fire Magic
  6255 | D:5      | Reached skill level 5 in Conjurations
  6581 | D:5      | Reached XP level 8. HP: 38/48 MP: 10/15
  7059 | D:5      | Reached skill level 7 in Fire Magic
  7544 | D:5      | Reached skill level 5 in Spellcasting
  7558 | D:5      | Reached ** piety under Vehumet
  7558 | D:5      | Offered knowledge of Searing Ray by Vehumet.
  7559 | D:5      | Reached skill level 5 in Fighting
  7658 | D:5      | Learned a level 4 spell: Flame Wave
  7858 | D:5      | Reached XP level 9. HP: 54/54 MP: 1/17
  7977 | D:6      | Found a shadowy altar of Dithmenos.
  8080 | D:6      | Found a sand-covered staircase.
  8105 | Ossuary  | Entered an ossuary
  8428 | Ossuary  | Reached skill level 8 in Fire Magic
  8526 | Ossuary  | Offered knowledge of Mephitic Cloud by Vehumet.
  8712 | Ossuary  | Learned a level 3 spell: Mephitic Cloud
  9078 | D:6      | Found a staircase to the Ecumenical Temple.
  9090 | D:6      | Reached skill level 1 in Air Magic
  9174 | D:6      | Reached *** piety under Vehumet
  9621 | D:6      | Found a glowing golden altar of the Shining One.
  9630 | D:6      | Noticed Menkaure
  9635 | D:6      | Killed Menkaure
  9734 | D:6      | Offered knowledge of Stone Arrow by Vehumet.
 10086 | D:6      | Reached XP level 10. HP: 61/61 MP: 10/20
 11113 | D:7      | Reached skill level 9 in Fire Magic
 11136 | D:7      | Noticed Duvessa
 11136 | D:7      | Noticed Dowan
 11672 | D:8      | Found a flagged portal.
 11682 | Bailey   | Entered a bailey
 11796 | Bailey   | Reached **** piety under Vehumet
 11841 | Bailey   | Offered knowledge of Yara's Violent Unravelling by Vehumet.
 11967 | Bailey   | Reached skill level 1 in Poison Magic
 12054 | Bailey   | Noticed an orc knight
 12125 | Bailey   | Killed an orc knight
 12300 | Bailey   | Reached skill level 10 in Fire Magic
 12300 | Bailey   | Reached XP level 11. HP: 69/69 MP: 21/21
 12317 | Bailey   | Noticed an orc warlord
 12481 | D:8      | Learned a level 3 spell: Ignite Poison
 12824 | D:8      | Reached ***** piety under Vehumet
 12828 | D:8      | Offered knowledge of Ozocubu's Refrigeration by Vehumet.
 13058 | D:8      | Noticed a two-headed ogre
 13077 | D:8      | Killed a two-headed ogre
 13078 | D:8      | Reached XP level 12. HP: 51/76 MP: 15/22
 13305 | D:8      | Found a staircase to the Lair.
 13555 | D:9      | Noticed Psyche
 13560 | D:9      | Killed Psyche
 13561 | D:9      | Reached skill level 11 in Fire Magic
 14335 | D:9      | Found Asivvael's CLEARANCE SALE!.
 14338 | D:9      | Bought the ring of Amujoid {rC+ EV+4 Int+2} for 271 gold
                  | pieces
 14339 | D:9      | Bought a scroll of amnesia for 17 gold pieces
 14601 | D:10     | Entered Level 10 of the Dungeon
 14828 | D:10     | Found Iffyfam's Book Shop.
 15171 | D:10     | Noticed Erica
 15183 | D:10     | Killed Erica
 15960 | D:10     | Identified a scroll of acquirement
 15960 | D:10     | Acquired the +2 pair of gloves of Mysticism {Regen+}
 16098 | Lair:1   | Entered Level 1 of the Lair of Beasts
 17130 | Lair:2   | Reached skill level 1 in Armour
 17280 | Lair:2   | Reached skill level 10 in Fighting
 17292 | Lair:2   | Noticed Gastronok
 17801 | Lair:2   | Found a hole to the Spider Nest.
 17815 | Lair:2   | Reached XP level 13. HP: 82/82 MP: 10/24
 18238 | Lair:2   | Noticed Amaemon
 18287 | Lair:2   | Killed Amaemon
 18504 | Lair:2   | Identified the +0 scale mail "Fameapur" {rC+}
 18907 | Lair:3   | Offered knowledge of Irradiate by Vehumet.
 18908 | Lair:3   | Reached skill level 5 in Stealth
 18920 | Lair:2   | Learned a level 5 spell: Irradiate
 19119 | Lair:3   | Reached skill level 1 in Transmutations
 19193 | Lair:3   | Reached skill level 5 in Armour
 20006 | Lair:3   | Noticed Snorg
 20016 | Lair:3   | Killed Snorg
 20303 | Lair:4   | Noticed Rupert
 20795 | Lair:2   | Found a hole to the Spider Nest.
 20858 | Lair:2   | Killed Gastronok
 21327 | Lair:4   | Found a staircase to the Shoals.
 22385 | Lair:5   | Found a viscous altar of Jiyva.
 22385 | Lair:5   | Found a staircase to the Slime Pits.
 22481 | Lair:5   | Reached XP level 14. HP: 91/91 MP: 2/25
 22849 | Lair:6   | Entered Level 6 of the Lair of Beasts
 23867 | Lair:6   | Offered knowledge of Iron Shot by Vehumet.
 24136 | Lair:5   | Learned a level 6 spell: Iron Shot
 24554 | Lair:6   | Reached skill level 10 in Stealth
 24861 | Lair:6   | Reached skill level 10 in Armour
 25066 | Lair:6   | Found a transporter.
 25075 | Lair:6   | Found a transporter.
 25206 | Lair:6   | Noticed horus123's ghost (journeyman DgCj)
 25218 | Lair:6   | Found a bloodstained altar of Trog.
 25604 | D:11     | Noticed Erolcha
 26204 | D:11     | Reached XP level 15. HP: 99/99 MP: 24/27
 27029 | D:11     | Learned a level 6 spell: Starburst
 27461 | D:12     | Found a staircase to the Orcish Mines.
 27632 | D:12     | Identified the +5 shortbow of Severance {freeze, rCorr
                  | Dex+6}
 27632 | D:12     | Identified the ring "Taphyra" {rN+ Will+ rCorr Str-4 Dex+2}
 27667 | D:12     | Offered knowledge of Lee's Rapid Deconstruction by Vehumet.
 27794 | D:12     | Got the Volume of Summoning and Ice
 29173 | D:14     | Found a gate leading to a gauntlet.
 29174 | D:14     | Noticed Roxanne
 29198 | Gauntlet | Entered a Gauntlet
 29198 | Gauntlet | Found a transporter.
 29198 | Gauntlet | Found a transporter.
 29286 | Gauntlet | Found a transporter.
 29290 | Gauntlet | Found a transporter.
 29298 | Gauntlet | Found a transporter.
 29302 | Gauntlet | Found a transporter.
 29309 | Gauntlet | Found the macabre finger necklace {rN+}
 29310 | Gauntlet | Found a transporter.
 29325 | Gauntlet | Found a runed translucent door.
 29326 | Gauntlet | Found a transporter.
 29329 | Gauntlet | Found a runed translucent door.
 29340 | Gauntlet | Found a transporter.
 29344 | Gauntlet | Found a transporter.
 29353 | Gauntlet | Found a transporter.
 29356 | Gauntlet | Found a transporter.
 29402 | Gauntlet | Identified the +5 war axe "Wej Leysch" {speed, Contam
                  | +Blink rF++ Int+2}
 29460 | Gauntlet | Reached skill level 12 in Fire Magic
 29579 | Gauntlet | Identified the ring of Ceckeoh {Fly Will+ Int+4}
 29659 | Gauntlet | Identified the +3 leather armour "Juiso" {rN++ Str+4}
 30263 | D:14     | Found a stormy altar of Qazlal.
 30714 | D:14     | Found a gate to the Vaults.
 31102 | Orc:1    | Entered Level 1 of the Orcish Mines
 31337 | Orc:2    | Entered Level 2 of the Orcish Mines
 31356 | Orc:2    | Reached XP level 16. HP: 103/106 MP: 24/30
 31381 | Orc:2    | Offered knowledge of Freezing Cloud by Vehumet.
 31630 | Orc:2    | Noticed Maurice
 31639 | Orc:2    | Killed Maurice
 31948 | Orc:2    | Reached skill level 1 in Shields
 31953 | Orc:2    | Paralysed by something for 6 turns
 32269 | Orc:2    | Found a staircase to the Elven Halls.
 33291 | Orc:2    | Found Soss's Book Emporium.
 33291 | Orc:2    | Found Cebbeoc's Book Boutique.
 33292 | Orc:2    | Found Osko Vas's Assorted Antiques.
 33292 | Orc:2    | Found Abeschur's Armour Emporium.
 33302 | Orc:2    | Bought a scroll labelled BEFAOC TIOJ for 37 gold pieces
 33331 | Orc:2    | Bought a book of Fire for 616 gold pieces
 33332 | Orc:2    | Bought a book of the Spheres for 648 gold pieces
 33341 | Orc:2    | Learned a level 7 spell: Orb of Destruction
 33765 | Orc:1    | Found Dado's Firing Range.
 33790 | Orc:1    | Reached skill level 13 in Fire Magic
 33928 | Orc:2    | Reached skill level 10 in Spellcasting
 33975 | Elf:1    | Entered Level 1 of the Elven Halls
 33986 | Elf:1    | Offered knowledge of Eringya's Noxious Bog by Vehumet.
 34278 | Elf:1    | Found Foblit's Distillery.
 34560 | Elf:1    | Bought a potion of brilliance for 64 gold pieces
 34560 | Elf:1    | Bought a potion of heal wounds for 80 gold pieces
 34808 | Elf:1    | Found Itono's Distillery.
 34813 | Elf:1    | Bought a potion of heal wounds for 65 gold pieces
 34813 | Elf:1    | Bought a potion of heal wounds for 65 gold pieces
 34990 | Elf:1    | Found Ylailer's Jewellery Shoppe.
 34992 | Elf:1    | Found Gogosteu's Weapon Shop.
 35183 | Elf:1    | Got Yvo Puta's Compendium of the Entourage
 35339 | Elf:1    | Found a runed translucent gate.
 35339 | Elf:1    | Found a runed translucent gate.
 35339 | Elf:1    | Found a runed translucent gate.
 35364 | Elf:1    | Noticed an azure jelly
 35365 | Elf:1    | Noticed Eciono's ghost (adept GnDe)
 35366 | Elf:1    | Noticed an azure jelly
 35456 | Elf:1    | Found the ring of the Octopus King
 35457 | Elf:1    | Found a viscous altar of Jiyva.
 35519 | Elf:2    | Reached skill level 14 in Fire Magic
 35825 | Elf:2    | Reached skill level 15 in Fighting
 36185 | Elf:2    | Found a huge runed translucent gate.
 36185 | Elf:2    | Found a huge runed translucent gate.
 36190 | Elf:2    | Found a huge runed translucent gate.
 36191 | Elf:2    | Found a huge runed translucent gate.
 36191 | Elf:2    | Found a huge runed translucent gate.
 36416 | Elf:2    | Reached XP level 17. HP: 113/113 MP: 29/32
 36594 | Elf:2    | Reached skill level 15 in Fire Magic
 36760 | Elf:2    | Learned a level 8 spell: Ignition
 36791 | Elf:3    | Entered Level 3 of the Elven Halls
 37156 | Elf:3    | Found Aduqum's Antique Armour Shop.
 37371 | Elf:3    | Noticed Asterion
 37382 | Elf:3    | Killed Asterion
 37448 | Elf:3    | Reached skill level 16 in Fire Magic
 37986 | Elf:3    | Noticed a deep elf blademaster
 37990 | Elf:3    | Killed a deep elf blademaster
 37991 | Elf:3    | Reached skill level 17 in Fire Magic
 38008 | Elf:3    | Noticed a deep elf blademaster
 38072 | Elf:3    | Noticed a deep elf master archer
 38077 | Elf:3    | Killed a deep elf master archer
 38089 | Elf:3    | Killed from afar by a deep elf annihilator

Illustrated notes

Levels and vault maps discovered:
D:1:      dpeg_arrival_refuge, layout_basic, dilly_ecumenical_altar_fadedgnrine,
          minmay_misc_feat_five
D:2:      layout_basic
D:3:      layout_rooms, amethyst_overflow_temple_binary, fiery_altar_vehumet,
          minmay_unequal, uniq_ijyb, uniq_jessica
D:4:      layout_cave_pods, okawaru_trees_1, minmay_lizard_king
D:5:      layout_loops_ring, minmay_checkerbox
D:6:      layout_basic, grunt_dithmenos_smoke, mainiacjoe_overflow_catwalk,
          minmay_temple_entry_butterflies, gup_ossuary_entry_pyramid,
          uniq_menkaure
D:7:      layout_cave_pods, serial_column_ruins, column_ruins_hut,
          column_ruins_columns_dead_end, column_ruins_grid_1,
          column_ruins_open_medium, column_ruins_open_tiny, column_ruins_grid_3,
          column_ruins_corridor_T, minmay_ruffians, uniq_duvessa
D:8:      layout_basic, lair_entry_dummy, enter_bailey_2
D:9:      layout_loops_cross, nicolae_shop_clearance, uniq_psyche
D:10:     minmay_inner_zag, layout_cross, serial_shops, shop_fountains,
          chequers_serial_rivers_micro_b, uniq_erica
D:11:     layout_stronghold, minmay_misc_feat_enclosed, uniq_erolcha
D:12:     minmay_the_grid_triangle_9x9_recursive_2_mashed
          [minmay_the_grid_triangle_9x9_prize_insulated,
          minmay_the_grid_triangle_9x9_longest,
          minmay_the_grid_triangle_9x9_odd_lines,
          minmay_the_grid_triangle_9x9_wacky_v], layout_loops_ring, david_orc_5,
          grunt_ministairs_2
D:13:     layout_long_grid
D:14:     layout_cave_pools, grunt_vaults_entry_fortified, serial_undead,
          serial_undead_e, serial_undead_d, serial_undead_e, serial_undead_e,
          serial_undead_c, serial_undead_e, serial_undead_e, serial_undead_a,
          serial_undead_b, serial_undead_a, gauntlet_entry_generic,
          nicolae_figureground_pulse, nicolae_qazlal_style_of_elements,
          uniq_roxanne
Lair:1:   layout_long_grid, grunt_megastairs_5, serial_bayou_shore_a
Lair:2:   layout_hall_layers, hellmonk_spider_entry_life_and_decay,
          uniq_gastronok, uniq_amaemon
Lair:3:   layout_gridlike, serial_rivers, chequers_serial_rivers_micro_e,
          chequers_serial_rivers_micro_c, chequers_serial_rivers_room_b,
          chequers_serial_rivers_marsh, chequers_serial_rivers_large_a,
          chequers_serial_rivers_small_3, evilmike_ambush
          [evilmike_ambush_outer_corners, evilmike_ambush_inner_cross],
          infiniplex_staircase_pool_2, uniq_snorg
Lair:4:   layout_cave_pods, shoals_dummy_entry, grunt_megastairs_4, uniq_sonja,
          uniq_rupert
Lair:5:   layout_gridlike, slime_altar_1
Lair:6:   gammafunk_lair_ancient_temple, layout_regular_city,
          gammafunk_ghost_wrathful_warriors
Orc:1:    layout_diamond_mine, nicolae_shop_firing_range
Orc:2:    st_orc_ogre_mass, layout_diamond_mine, nicolae_orc_rockfall,
          nicolae_orc_pool_cavern, uniq_maurice
Elf:1:    nicolae_elf_arrival_no_cutting_in_line, layout_loops_corners,
          gammafunk_ghost_ooze, serial_shops, nicolae_shop_hallway_stairs, shop,
          nicolae_shop_waterfront, shop, minmay_elf_demonology
Elf:2:    elven_hall_of_blades_hangedman_alternative
          [nicolae_vaults_blade_armed_guards], layout_geoelf_diagonals,
          drop_trap, st_stairs_8, uniq_agnes
Elf:3:    minmay_elf_hall_four_x, layout_loops_corners, serial_shops,
          nicolae_lakefront_shop, uniq_asterion

Skill      XL: |  1  2  3  4  5  6  7  8  9 10 11 12 13 14 15 16 17 |
---------------+----------------------------------------------------+-----
Conjurations   | 2 3 4 5 6 8 11 12 13 14 | 14.3
Fighting       | 1 2 3 5 6 8 9 10 11 13 14 15 | 15.0
Fire Magic     | 4 5 6 7 8 10 11 12 14 17 | 17.3
Spellcasting   | 3 4 5 6 7 9 10 11 | 11.0
Hexes          | 1 |  1.0
Air Magic      | 2 4 |  4.4
Dodging        | 7 8 9 |  9.9
Poison Magic   | 1 2 |  2.0
Armour         | 3 7 10 11 | 11.0
Stealth        | 4 7 10 | 10.0
Transmutations | 3 |  3.0
Shields        | 1 2 |  2.0

Action                   |  1- 3 |  4- 6 |  7- 9 | 10-12 | 13-15 | 16-18 || total
-------------------------+-------+-------+-------+-------+-------+-------++-------
Melee: Spear             |     6 |     7 |       |       |       |       ||    13
       Kick              |     1 |       |     9 |    16 |    73 |    44 ||   143
       Peck              |       |     1 |     4 |     6 |    40 |    35 ||    86
       Falchion          |       |       |    28 |    28 |   112 |       ||   168
       Dagger            |       |       |     1 |       |       |       ||     1
       Punch             |       |       |     1 |       |     4 |       ||     5
       Staff             |       |       |       |       |    51 |   112 ||   163
 Cast: Foxfire           |    51 |    45 |    54 |    68 |    18 |       ||   236
       Scorch            |    12 |    35 |   149 |   107 |   143 |    17 ||   463
       Inner Flame       |       |     1 |    14 |       |       |       ||    15
       Sticky Flame      |       |       |     5 |     7 |     3 |     1 ||    16
       Flame Wave        |       |       |     4 |    46 |    32 |       ||    82
       Mephitic Cloud    |       |       |       |    30 |    33 |     1 ||    64
       Ignite Poison     |       |       |       |    17 |    23 |     1 ||    41
       Irradiate         |       |       |       |       |   109 |    47 ||   156
       Starburst         |       |       |       |       |    88 |   139 ||   227
       Orb of Destructio |       |       |       |       |       |    19 ||    19
       Ignition          |       |       |       |       |       |     7 ||     7
Evoke: Wand              |       |       |       |     3 |       |       ||     3
  Use: Scroll            |     4 |     4 |     8 |    10 |    13 |     3 ||    42
       Potion            |       |     1 |     2 |     1 |       |     1 ||     5
 Stab: Sleeping          |       |     1 |     3 |       |     2 |     1 ||     7
       Distracted        |       |       |     1 |       |       |     2 ||     3
       Confused          |       |       |       |       |     2 |       ||     2
Armor: Robe              |     4 |     7 |    13 |    18 |       |       ||    42
       Troll leather arm |       |       |       |     4 |   159 |    38 ||   201
Dodge: Dodged            |     9 |    18 |    98 |   174 |   717 |   186 ||  1202

Table legend: (Time is in decaauts)
 A = Elapsed time spent in this place.
 B = Non-inter-level travel time spent in this place.
 C = Inter-level travel time spent in this place.
 D = Time resting spent in this place.
 E = Time spent auto-exploring this place.
 F = Levels seen in this place.
 G = Mean time per level.
                   A        B        C        D        E       F      G
               +--------+--------+--------+--------+--------+-----+--------+
         Total |  36481 |  34882 |   1599 |   3300 |  25955 |  28 | 1302.9 |
       Dungeon |  18843 |  17954 |    889 |   1361 |  14057 |  14 | 1345.9 |
          Lair |   8881 |   8398 |    483 |   1097 |   5946 |   6 | 1480.2 |
  Orcish Mines |   2927 |   2779 |    148 |    346 |   1865 |   2 | 1463.5 |
   Elven Halls |   3758 |   3679 |     79 |    174 |   2906 |   3 | 1252.7 |
       Ossuary |    836 |    836 |      0 |    153 |    508 |   1 |  836.0 |
        Bailey |    672 |    672 |      0 |      0 |    399 |   1 |  672.0 |
      Gauntlet |    561 |    561 |      0 |    169 |    271 |   1 |  561.0 |
               +--------+--------+--------+--------+--------+-----+--------+

Top non-repeatable levels by time:
  Lair:2: 2238 daAuts
     D:4: 2225 daAuts
   Orc:2: 2193 daAuts
  Lair:6: 1659 daAuts
    D:12: 1623 daAuts
  Lair:5: 1599 daAuts
     D:6: 1582 daAuts
  Lair:3: 1495 daAuts
     D:2: 1469 daAuts
     D:3: 1450 daAuts
   Elf:2: 1415 daAuts
     D:5: 1398 daAuts
  Lair:1: 1289 daAuts
    D:14: 1286 daAuts
   Elf:1: 1278 daAuts
